General information
- name: BNet
- type: Ladder team game (AT/RT)
- host: Battle.net
- saver: hernandO
map: RiceFields
- players: 6
- length: 19:35
- speed: Fast
- version: 1.21 W3XP
- replay type: Public
» download(120 KB)
Players
team 1 (loser)
boobs. (
blue | 81 APM | 1571 actions | 19:19)
3 Priestess of the Moon
1 Searing Arrows
2 Trueshot Aura
» actions
| Assign group hotkey | 20 | |
| Basic commands | 26 | |
| Build / train | 40 | |
| ESC pressed | 3 | |
| Enter build submenu | 19 | |
| Enter hero's abilities submenu | 3 | |
| Remove unit from queue | 2 | |
| Right click | 669 | |
| Select / deselect | 232 | |
| Select group hotkey | 537 | |
| Use ability | 20 | |
1571 total
» units
» upgrades
| Strength of the Moon | 1 | |
| Moon Armor | 1 | |
2 total
» buildings
| Altar of Elders | 1 | |
| Moon Well | 7 | |
| Hunter's Hall | 1 | |
| Ancient of War | 2 | |
| Tree of Life | 1 | |
| Tree of Ages | 1 | |
| Ancient of Wonders | 1 | |
| Ancient Protector | 2 | |
| Tree of Eternity | 1 | |
| Ancient of Lore | 2 | |
19 total
» build order
00:19 Altar of Elders
00:33 Moon Well
02:30 Hunter's Hall
02:33 Ancient of War
02:35 Ancient of War
03:04 Moon Well
03:26 Moon Well
03:53 Moon Well
04:22 Moon Well
07:52 Tree of Life
11:36 Tree of Ages
12:39 Ancient of Wonders
14:03 Ancient Protector
14:20 Ancient Protector
15:58 Moon Well
16:36 Moon Well
17:29 Tree of Eternity
18:22 Ancient of Lore
18:41 Ancient of Lore
SidGG (
green | 101 APM | 987 actions | 09:45)
3 Death Knight
2 Death Coil
1 Unholy Aura
1 Lich
1 Frost Nova
» actions
| Assign group hotkey | 122 | |
| Basic commands | 124 | |
| Build / train | 34 | |
| ESC pressed | 1 | |
| Enter build submenu | 12 | |
| Enter hero's abilities submenu | 5 | |
| Give item / drop item | 1 | |
| Remove unit from queue | 1 | |
| Right click | 271 | |
| Select / deselect | 140 | |
| Select group hotkey | 241 | |
| Use ability | 35 | |
987 total
» units
| Acolyte | 2 | |
| Ghoul | 3 | |
| Crypt Fiend | 6 | |
| Obsidian Statue | 3 | |
14 total
» upgrades
| Web | 1 | |
| Burrow | 1 | |
| Creature Attack | 1 | |
| Destroyer Form | 1 | |
| Disease Cloud | 1 | |
5 total
» buildings
| Crypt | 1 | |
| Graveyard | 1 | |
| Altar of Darkness | 1 | |
| Ziggurat | 6 | |
| Tomb of Relics | 1 | |
| Nerubian Tower | 1 | |
| Halls of the Dead | 1 | |
| Slaughterhouse | 2 | |
| Black Citadel | 1 | |
15 total
» build order
00:06 Crypt
00:10 Graveyard
00:26 Altar of Darkness
00:37 Ziggurat
01:15 Tomb of Relics
01:43 Ziggurat
02:59 Nerubian Tower
04:01 Halls of the Dead
04:33 Ziggurat
05:48 Ziggurat
06:25 Slaughterhouse
06:27 Black Citadel
07:08 Slaughterhouse
08:14 Ziggurat
08:18 Ziggurat
» items
| Rod of Necromancy | 2 | |
| Dust of Appearance | 1 | |
| Potion of Healing | 1 | |
4 total
SoRoRandam (
pink | 115 APM | 2209 actions | 19:15)
4 Archmage
2 Summon Water Elemental
2 Brilliance Aura
4 Mountain King
2 Storm Bolt
2 Thunder Clap
2 Paladin
1 Holy Light
1 Divine Shield
1 Death Knight
1 Unholy Aura
2 Crypt Lord
1 Impale
1 Spiked Carapace
2 Lich
1 Dark Ritual
1 Frost Nova
» actions
| Assign group hotkey | 49 | |
| Basic commands | 142 | |
| Build / train | 73 | |
| Enter build submenu | 27 | |
| Enter hero's abilities submenu | 16 | |
| Give item / drop item | 2 | |
| Remove unit from queue | 1 | |
| Right click | 708 | |
| Select / deselect | 317 | |
| Select group hotkey | 764 | |
| Use ability | 110 | |
2209 total
» units
| Peasant | 9 | |
| Footman | 8 | |
| Rifleman | 2 | |
| Dragonhawk Rider | 8 | |
| Abomination | 2 | |
| Siege Engine | 5 | |
| Obsidian Statue | 1 | |
35 total
» upgrades
| Lumber Harvesting | 2 | |
| Cloud | 1 | |
| Barrage | 1 | |
| Gunpowder | 3 | |
| Armor | 1 | |
8 total
» buildings
| Altar of Kings | 1 | |
| Barracks | 1 | |
| Farm | 12 | |
| Keep | 1 | |
| Arcane Vault | 1 | |
| Scout Tower | 1 | |
| Blacksmith | 1 | |
| Arcane Tower | 1 | |
| Lumber Mill | 1 | |
| Castle | 1 | |
| Gryphon Aviary | 2 | |
| Workshop | 2 | |
| Ziggurat | 2 | |
| Spirit Tower | 1 | |
28 total
» build order
00:07 Altar of Kings
00:19 Barracks
00:34 Farm
00:49 Farm
01:32 Farm
02:52 Keep
02:56 Arcane Vault
03:19 Scout Tower
03:22 Blacksmith
04:07 Arcane Tower
04:09 Lumber Mill
04:54 Farm
06:21 Castle
07:08 Gryphon Aviary
07:10 Gryphon Aviary
07:43 Farm
07:45 Farm
08:55 Workshop
09:21 Farm
09:22 Farm
09:24 Farm
09:25 Farm
10:54 Ziggurat
10:55 Ziggurat
11:28 Workshop
14:15 Farm
14:17 Farm
16:05 Spirit Tower
» items
| Scroll of Regeneration | 3 | |
| Lesser Clarity Potion | 1 | |
| Scroll of Town Portal | 1 | |
5 total
team 2 (winner)
Geil.Nonent (
orange | 75 APM | 1448 actions | 19:20)
3 Blademaster
2 Wind Walk
1 Critical Strike
» actions
| Assign group hotkey | 14 | |
| Build / train | 36 | |
| Enter build submenu | 27 | |
| Enter hero's abilities submenu | 3 | |
| Right click | 561 | |
| Select / deselect | 110 | |
| Select group hotkey | 630 | |
| Use ability | 67 | |
1448 total
» units
» upgrades
| Spiked Barricades | 1 | |
| Ranged Weapons | 2 | |
| Liquid Fire | 1 | |
| Reinforced Defenses | 1 | |
5 total
» buildings
| Altar of Storms | 1 | |
| Orc Burrow | 4 | |
| War Mill | 1 | |
| Voodoo Lounge | 1 | |
| Watch Tower | 17 | |
| Stronghold | 1 | |
| Beastiary | 2 | |
| Fortress | 1 | |
| Great Hall | 2 | |
30 total
» build order
00:32 Altar of Storms
00:35 Orc Burrow
01:21 War Mill
01:25 Voodoo Lounge
02:20 Orc Burrow
02:42 Watch Tower
02:43 Watch Tower
03:32 Watch Tower
03:33 Watch Tower
03:39 Watch Tower
03:40 Watch Tower
03:59 Stronghold
04:32 Watch Tower
04:34 Watch Tower
05:50 Watch Tower
05:51 Watch Tower
06:22 Beastiary
06:24 Beastiary
06:31 Watch Tower
06:32 Watch Tower
06:41 Fortress
06:46 Orc Burrow
07:09 Watch Tower
07:11 Watch Tower
08:26 Watch Tower
08:38 Watch Tower
08:40 Watch Tower
09:36 Orc Burrow
16:53 Great Hall
17:32 Great Hall
» items
| Healing Salve | 2 | |
| Lesser Clarity Potion | 2 | |
| Potion of Healing | 2 | |
| Orb of Lightning | 1 | |
7 total
GOKUMaN69 (
red | 52 APM | 1015 actions | 19:20)
2 Demon Hunter
1 Mana Burn
1 Evasion
» actions
| Build / train | 50 | |
| Enter build submenu | 18 | |
| Enter hero's abilities submenu | 2 | |
| Give item / drop item | 4 | |
| Right click | 618 | |
| Select / deselect | 286 | |
| Use ability | 37 | |
1015 total
» units
» upgrades
| Ultravision | 1 | |
| Strength of the Wild | 2 | |
| Reinforced Hides | 1 | |
| Well Spring | 1 | |
| Corrosive Breath | 1 | |
6 total
» buildings
| Altar of Elders | 1 | |
| Moon Well | 6 | |
| Tree of Ages | 1 | |
| Hunter's Hall | 1 | |
| Tree of Eternity | 1 | |
| Ancient of Wind | 1 | |
| Tree of Life | 3 | |
| Chimaera Roost | 2 | |
| Ancient of Wonders | 1 | |
17 total
» build order
00:06 Altar of Elders
00:24 Moon Well
01:36 Moon Well
05:40 Tree of Ages
06:00 Hunter's Hall
06:45 Moon Well
06:47 Moon Well
08:03 Tree of Eternity
08:18 Ancient of Wind
08:47 Moon Well
08:48 Moon Well
09:11 Tree of Life
09:33 Tree of Life
10:31 Chimaera Roost
10:32 Chimaera Roost
11:31 Tree of Life
12:07 Ancient of Wonders
» items
| Orb of Venom | 1 | |
| Scroll of Town Portal | 2 | |
3 total
hernandO (
yellow | 45 APM | 879 actions | 19:35)
2 Archmage
1 Blizzard
1 Brilliance Aura
» actions
| Assign group hotkey | 4 | |
| Basic commands | 29 | |
| Build / train | 69 | |
| Enter build submenu | 59 | |
| Enter hero's abilities submenu | 3 | |
| Right click | 298 | |
| Select / deselect | 249 | |
| Select group hotkey | 36 | |
| Use ability | 131 | |
879 total
» units
| Peasant | 12 | |
| Sorceress | 3 | |
| Mortar Team | 5 | |
| Flying Machine | 1 | |
21 total
» upgrades
| Masonry | 2 | |
| Lumber Harvesting | 1 | |
| Magic Sentry | 1 | |
| Sorceress Training | 1 | |
| Flare | 1 | |
6 total
» buildings
| Lumber Mill | 1 | |
| Altar of Kings | 1 | |
| Farm | 7 | |
| Scout Tower | 90 | |
| Arcane Tower | 1 | |
| Guard Tower | 35 | |
| Keep | 1 | |
| Blacksmith | 1 | |
| Arcane Sanctum | 1 | |
| Workshop | 3 | |
| Cannon Tower | 2 | |
143 total
» build order
00:09 Lumber Mill
00:20 Altar of Kings
00:35 Farm
00:37 Farm
00:59 Scout Tower
01:00 Scout Tower
01:13 Scout Tower
01:26 Scout Tower
01:28 Scout Tower
01:29 Scout Tower
01:30 Scout Tower
01:32 Scout Tower
01:44 Arcane Tower
02:11 Guard Tower
02:29 Scout Tower
02:33 Scout Tower
02:34 Scout Tower
02:35 Scout Tower
02:36 Scout Tower
02:38 Scout Tower
02:44 Guard Tower
02:49 Scout Tower
02:50 Scout Tower
02:51 Scout Tower
02:52 Scout Tower
02:53 Scout Tower
02:54 Scout Tower
03:39 Keep
03:41 Guard Tower
03:46 Guard Tower
03:51 Scout Tower
03:53 Scout Tower
03:54 Scout Tower
03:55 Scout Tower
04:20 Guard Tower
04:24 Guard Tower
04:44 Guard Tower
04:52 Scout Tower
04:53 Scout Tower
04:54 Scout Tower
04:54 Scout Tower
05:11 Guard Tower
05:13 Scout Tower
05:14 Guard Tower
05:42 Guard Tower
05:46 Guard Tower
05:55 Scout Tower
05:57 Scout Tower
05:57 Scout Tower
06:01 Scout Tower
06:02 Scout Tower
06:03 Scout Tower
06:06 Scout Tower
06:08 Scout Tower
06:16 Guard Tower
06:18 Blacksmith
06:26 Arcane Sanctum
06:42 Guard Tower
07:06 Scout Tower
07:07 Scout Tower
07:08 Scout Tower
07:09 Scout Tower
07:12 Scout Tower
07:13 Scout Tower
07:14 Scout Tower
07:15 Scout Tower
07:16 Scout Tower
07:47 Guard Tower
08:11 Guard Tower
08:13 Guard Tower
08:27 Workshop
08:47 Farm
08:48 Farm
08:53 Workshop
08:58 Workshop
09:10 Guard Tower
09:16 Guard Tower
09:20 Guard Tower
09:38 Guard Tower
09:51 Scout Tower
09:52 Scout Tower
09:55 Scout Tower
09:56 Scout Tower
09:57 Scout Tower
09:59 Scout Tower
10:01 Scout Tower
10:01 Scout Tower
10:03 Scout Tower
10:12 Farm
10:29 Scout Tower
10:30 Scout Tower
10:31 Scout Tower
10:32 Scout Tower
10:32 Scout Tower
10:33 Scout Tower
10:34 Scout Tower
10:40 Scout Tower
10:41 Scout Tower
10:56 Guard Tower
10:58 Guard Tower
11:01 Guard Tower
11:12 Guard Tower
11:14 Guard Tower
12:11 Guard Tower
12:20 Guard Tower
12:24 Scout Tower
12:25 Scout Tower
12:26 Scout Tower
12:50 Farm
12:56 Guard Tower
13:06 Scout Tower
13:08 Scout Tower
13:09 Scout Tower
14:40 Scout Tower
14:41 Scout Tower
14:42 Scout Tower
14:44 Guard Tower
14:49 Farm
14:58 Scout Tower
14:59 Scout Tower
14:59 Scout Tower
15:03 Guard Tower
15:07 Scout Tower
15:09 Scout Tower
15:09 Scout Tower
15:13 Guard Tower
16:08 Guard Tower
16:10 Guard Tower
16:29 Guard Tower
16:31 Guard Tower
16:40 Scout Tower
16:41 Scout Tower
16:42 Scout Tower
16:53 Scout Tower
16:56 Scout Tower
16:57 Scout Tower
16:58 Scout Tower
16:59 Scout Tower
17:07 Scout Tower
17:08 Scout Tower
17:25 Cannon Tower
17:59 Cannon Tower
Chat log
(00:11 / All) Geil.Nonent: gl hf
(00:22 / All) boobs.: GL HF
(00:27 / All) GOKUMaN69: boosb
(00:31 / All) boobs.: bosoms
(00:44 / All) SoRoRandam: KAMEHAMEHA!!!
(09:45 / All) Geil.Nonent: bai
(09:46 / All) hernandO: D
(09:47 / All) GOKUMaN69: I will